 Dungeon Crawl Stone Soup version 0.30-a0-368-g86fb4627a9 (webtiles) character file.

Game seed: 15522307303623422752

4143 Maxmaps the Carver (level 10, -10/73 HPs)
             Began as a Demonspawn Gladiator on Nov 20, 2022.
             Was an Initiate of Gozag.
             Mangled by an orc warlord
             ... wielding a +5 broad axe
              (22 damage)
             ... in a bailey.
             The game lasted 00:12:47 (8000 turns).

Maxmaps the Carver (Demonspawn Gladiator)           Turns: 8000, Time: 00:12:48

Health: -10/73     AC: 21    Str: 14    XL:     10   Next: 7%
Magic:  10/10      EV:  7    Int: 14    God:    Gozag
Gold:   126        SH:  4    Dex: 15    Spells: 9/9 levels left

rFire   . . .      SeeInvis .    a - +1 long sword
rCold   + . .      Faith    .    (no shield)
rNeg    . . .      Spirit   .    l - +0 chain mail
rPois   .          Reflect  .    c - +0 helmet
rElec   .          Harm     .    (no cloak)
rCorr   .          Rampage  .    C - +2 pair of gloves
Will    .....                    m - +1 pair of boots
Stlth   ..........               (no amulet)
HPRegen 0.32/turn                r - +4 ring of protection
MPRegen 0.12/turn                t - ring of protection from cold

@: hasted, invisible, very quick
A: rugged brown scales 2, spiny 1, condensation shield, demonic touch 2
a: Renounce Religion, Potion Petition, Call Merchant, Bribe Branch


You were in a bailey.
You worshipped Gozag.
Gozag was aware of your devotion.
You visited 2 branches of the dungeon, and saw 9 of its levels.
You also visited: Bailey.

You collected 584 gold pieces.
You paid 458 gold pieces to Gozag.

Inventory:

Hand Weapons
 a - a +1 long sword (weapon)
Missiles
 d - 5 throwing nets (quivered)
 e - a javelin
Armour
 c - a +0 helmet (worn)
 l - a +0 chain mail (worn)
 m - a +1 pair of boots (worn)
 y - a +0 ring mail
 C - a +2 pair of gloves (worn)
Jewellery
 b - a +6 ring of dexterity
 r - a +4 ring of protection (left hand)
 s - a ring of wizardry
 t - a ring of protection from cold (right hand)
Wands
 j - a wand of iceblast (25)
 E - a wand of polymorph (6)
 G - a wand of digging (4)
Scrolls
 i - 4 scrolls of teleportation
 k - 2 scrolls of amnesia
 n - a scroll of immolation
 p - 2 scrolls of blinking
 u - a scroll of noise
 A - a scroll of identify
 B - 3 scrolls of enchant weapon
 I - 2 scrolls of magic mapping
Potions
 f - 3 potions of lignification
 h - a potion of ambrosia
 o - 2 potions of mutation
 q - 2 potions of magic
 v - 3 potions of resistance
 w - 3 potions of haste
 x - 2 potions of attraction
 z - 4 potions of curing
 D - a potion of flight
 H - 2 potions of degeneration
 J - a potion of cancellation


   Skills:
 - Level 3.3 Fighting
 + Level 12.7 Long Blades
 - Level 1.7 Throwing
 - Level 3.3 Armour
 - Level 3.2 Dodging


You had 9 spell levels left.
You didn't know any spells.
Your spell library contained the following spells:

 Spells                   Type           Power      Damage    Failure   Level
 Summon Small Mammal      Summ           0%         N/A       100%        1
 Call Imp                 Summ           0%         N/A       100%        2
 Momentum Strike          Conj/Tloc      0%         3d8       100%        2
 Sublimation of Blood     Necr           0%         N/A       100%        2
 Call Canine Familiar     Summ           0%         N/A       100%        3
 Portal Projectile        Hex/Tloc       0%         N/A       100%        3
 Leda's Liquefaction      Hex/Erth       0%         N/A       100%        4
 Passage of Golubria      Tloc           0%         N/A       100%        4
 Petrify                  Tmut/Erth      0%         N/A       100%        4
 Irradiate                Conj/Tmut      0%         3d11      100%        5


Dungeon Overview and Level Annotations

Branches:
Dungeon (8/15)             Temple (1/1) D:7          Bailey (1/1)
   Lair: D:8-11

Altars:
Ashenzari
Cheibriados
Dithmenos
Gozag
Hepliaklqana
Kikubaaqudgha
Makhleb
Qazlal
Ru
Sif Muna
Trog
Uskayaw
Vehumet
Wu Jian
Yredelemnul

Shops:
D:5 [   D:7 (*

Annotations:
D:3 3 runed translucent doors, Flanfartigan's ghost, weakling TrTm; kiwi3s's ghost, amateur MiBe; lunkers's ghost, weakling AtRe
D:4 3 runed translucent doors, Taurus's ghost, amateur MiFi


Innate Abilities, Weirdness & Mutations

You are mostly covered in rugged brown scales. (AC +2, +5% HP)
You are partially covered in sharp spines.
A meltable shield of frost defends you. (SH +4)
Your touch may inflict irresistible damage on your foes.


Message History

Unknown command.
Okay, then.
Press: ? - help, v - describe, . - travel
Here: an orc warlord, wielding a +5 broad axe and wearing a +0 chain mail (moderately wounded)
An open gate, spattered with blood.
You fade into invisibility!
The orc warlord hits you with a +5 broad axe!
* * * LOW HITPOINT WARNING * * *
Unknown command.
You feel much better.
You hit the orc warlord but do no damage.
The orc warlord is moderately wounded.
The orc warlord is struck by your spines.
The orc warlord hits you with a +5 broad axe!
You hit the orc warlord.
You touch the orc warlord!
The orc warlord is moderately wounded.
Unknown command.
You hit the orc warlord but do no damage.
You touch the orc warlord!
The orc warlord is moderately wounded.
Unknown command.
The orc warlord hits you with a +5 broad axe!
* * * LOW HITPOINT WARNING * * *
You hit the orc warlord but do no damage.
You touch the orc warlord!
The orc warlord is heavily wounded.
Unknown command.
You hit the orc warlord but do no damage.
The orc warlord is heavily wounded.
The orc warlord is struck by your spines.
The orc warlord hits you with a +5 broad axe.
* * * LOW HITPOINT WARNING * * *
You hit the orc warlord but do no damage.
The orc warlord is heavily wounded.
You catch the helpless orc warlord completely off-guard!
You slash the orc warlord!
You touch the orc warlord!
The orc warlord is severely wounded.
The orc warlord hits you with a +5 broad axe!!
You die...
Your body crumbles into a pile of gold.

##.....##o........##.....##
#######.....⌠))...#######
##.........## #.........#
##.......## #.......#
##.....## ♣♣##'''##♣
♣..$@o...♣♣ ♣.$$......♣♣
♣♣....∩.....♣ ♣...........♣
♣.....∩.....♣ ♣...........♣
♣♣♣♣.....♣.♣♣ ♣♣.♣..♣♣♣
♣♣♣♣♣♣


You could see an orc warlord (unable to see you).

Vanquished Creatures
  An orc knight (Bailey)
  Eustachio (D:4)
  Duvessa (D:6)
  An ice beast (D:5)
  2 sky beasts
  9 orc warriors
  A centaur (D:5)
  A black bear (D:5)
  3 ogres
  A phantom (D:5)
  2 bullfrogs
  A necrophage (D:8)
  3 scorpions
  Dowan (D:6)
  4 howler monkeys
  2 jellies
  4 hounds
  A centaur zombie (D:4)
  4 orc priests
  Natasha (thrice) (D:4)
  10 iguanas
  9 orc wizards
  A hound zombie (D:4)
  7 gnolls
  5 adders
  2 shadow imps
  2 white imps (D:7)
  An ufetubus (D:3)
  2 worms (D:3)
  6 dart slugs
  23 orcs
  3 bats
  11 endoplasms
  4 giant cockroaches
  28 goblins
  12 hobgoblins
  4 jackals (D:2)
  5 kobolds
  2 quokkas
  6 ball pythons
  3 frilled lizards
  6 rats
198 creatures vanquished.

Vanquished Creatures (collateral kills)
  A jelly (D:6)
  An orc (D:6)
2 creatures vanquished.

Grand Total: 200 creatures vanquished

Notes
Turn   | Place    | Note
-------+----------+-------------------------------------------
     0 | D:1      | Maxmaps the Demonspawn Gladiator began the quest for the
                  | Orb.
     0 | D:1      | Reached XP level 1. HP: 16/16 MP: 1/1
   233 | D:1      | Gained mutation: You are partially covered in sharp spines.
                  | [demonic ancestry]
   233 | D:1      | Reached XP level 2. HP: 23/23 MP: 2/2
   859 | D:2      | Gained mutation: You are partially covered in rugged brown
                  | scales. (AC +1, +3% HP) [demonic ancestry]
   859 | D:2      | Reached XP level 3. HP: 24/29 MP: 3/3
   931 | D:2      | Reached skill level 1 in Armour
  1394 | D:3      | Gained mutation: You are mostly covered in rugged brown
                  | scales. (AC +2, +5% HP) [demonic ancestry]
  1394 | D:3      | Reached XP level 4. HP: 29/36 MP: 4/4
  1991 | D:3      | Gained mutation: A meltable shield of frost defends you.
                  | (SH +4) [demonic ancestry]
  1991 | D:3      | Reached XP level 5. HP: 43/43 MP: 5/5
  2016 | D:3      | Found a runed translucent gate.
  2016 | D:3      | Found a runed translucent gate.
  2016 | D:3      | Found a runed translucent gate.
  2016 | D:3      | Noticed kiwi3s's ghost (amateur MiBe)
  2017 | D:3      | Noticed kiwi3s's ghost (amateur MiBe)
  2017 | D:3      | Noticed Flanfartigan's ghost (weakling TrTm)
  2017 | D:3      | Noticed lunkers's ghost (weakling AtRe)
  2179 | D:3      | Found a burning altar of Makhleb.
  2437 | D:4      | Reached skill level 3 in Long Blades
  2476 | D:4      | Noticed an ogre
  2481 | D:4      | Killed an ogre
  2482 | D:4      | Reached skill level 4 in Long Blades
  2482 | D:4      | Reached XP level 6. HP: 49/49 MP: 6/6
  2492 | D:4      | Got Sif Muna's Catalogue of Collective Translocation
  2748 | D:4      | Noticed Eustachio
  2765 | D:4      | Killed Eustachio
  2766 | D:4      | Reached skill level 5 in Long Blades
  2766 | D:4      | Reached XP level 7. HP: 34/54 MP: 7/7
  2934 | D:4      | Noticed Natasha
  2945 | D:4      | Killed Natasha
  3028 | D:4      | Noticed Natasha
  3038 | D:4      | Killed Natasha
  3039 | D:4      | Reached skill level 6 in Long Blades
  3083 | D:4      | Identified the +4 whip "Zest" {vorpal, Drain rF++ Str+6}
  3445 | D:4      | Found a runed translucent gate.
  3445 | D:4      | Found a runed translucent gate.
  3445 | D:4      | Found a runed translucent gate.
  3445 | D:4      | Noticed Taurus's ghost (amateur MiFi)
  3447 | D:4      | Found a basalt altar of Yredelemnul.
  3766 | D:4      | Noticed Natasha
  3772 | D:4      | Killed Natasha
  4157 | D:5      | Entered Level 5 of the Dungeon
  4198 | D:5      | Found Etisypp's Armour Shoppe.
  4209 | D:5      | Reached skill level 7 in Long Blades
  4244 | D:5      | Found a snail-covered altar of Cheibriados.
  4351 | D:5      | Reached XP level 8. HP: 59/60 MP: 8/8
  4398 | D:5      | Found a radiant altar of Vehumet.
  4405 | D:5      | Found an ancient bone altar of Kikubaaqudgha.
  4415 | D:5      | Found a shimmering blue altar of Sif Muna.
  4433 | D:5      | Reached skill level 8 in Long Blades
  4786 | D:5      | Found a broken altar of Ashenzari.
  5012 | D:6      | Reached skill level 9 in Long Blades
  5309 | D:6      | Noticed Dowan
  5310 | D:6      | Noticed Duvessa
  5320 | D:6      | Killed Duvessa
  5361 | D:6      | Killed Dowan
  5470 | D:6      | Found a hazy altar of Hepliaklqana.
  5595 | D:6      | Reached skill level 10 in Long Blades
  5628 | D:6      | Gained mutation: Your touch may inflict minor irresistible
                  | damage on your foes. [demonic ancestry]
  5628 | D:6      | Reached XP level 9. HP: 26/67 MP: 9/9
  5966 | D:6      | Found a shadowy altar of Dithmenos.
  6317 | D:7      | Found Eosten's Eclectic Emporium.
  6430 | D:7      | Found Qoelukko's Weapon Shoppe.
  6664 | D:7      | Found a staircase to the Ecumenical Temple.
  6675 | Temple   | Entered the Ecumenical Temple
  6781 | Temple   | Became a worshipper of Gozag Ym Sagoz the Greedy
  6898 | D:7      | Reached skill level 11 in Long Blades
  7139 | D:7      | Found an ornate altar of the Wu Jian Council.
  7302 | D:8      | Found a flagged portal.
  7355 | Bailey   | Entered a bailey
  7591 | Bailey   | Reached skill level 12 in Long Blades
  7673 | Bailey   | Noticed an orc knight
  7702 | Bailey   | Killed an orc knight
  7858 | Bailey   | Gained mutation: Your touch may inflict irresistible damage
                  | on your foes. [demonic ancestry]
  7858 | Bailey   | Reached XP level 10. HP: 54/73 MP: 10/10
  7925 | Bailey   | Noticed an orc warlord
  8000 | Bailey   | Mangled by an orc warlord

Illustrated notes

Levels and vault maps discovered:
D:1:      mrwooster_arrival_arrow, layout_loops_ring, minmay_misc_feat_iff,
          minmay_liquid_box, minmay_misc_feat_rows
D:2:      layout_rooms
D:3:      kennysheep_six_static_rooms, layout_basic, lightli_temple_of_fire,
          gammafunk_ghost_cemetery, nrook_mini_vaults
D:4:      layout_loops_corners, marbit_many_paths,
          nicolae_yredelemnul_ghost_church, kennysheep_small_spiral,
          amcnicky_mini_rare_corridor_liquid, uniq_eustachio, uniq_natasha
D:5:      layout_basic, palyth_temple_overflow_mages,
          mainiacjoe_overflow_alcove_4, grunt_ashenzari_visionary
          [grunt_ashenzari_visionary_swamp, grunt_ashenzari_visionary_spider],
          serial_shops, nicolae_stop_n_shop_1, kennysheep_boxes
D:6:      layout_cave_pods, mainiacjoe_overflow_paths, grunt_dithmenos_smoke,
          uniq_duvessa
D:7:      layout_loops_ring, kennysheep_mini_moat, minmay_temple_entry_junction,
          serial_shops, nicolae_shop_advertising_works
          [nicolae_subvault_shop_adworks], nicolae_alphabet_shops
D:8:      layout_layer_cave, enter_bailey_1, chequers_serial_rivers_micro_d,
          patterned_corridor, uniq_maggie, uniq_psyche
Temple:   hellmonk_temple_two_chambers
Bailey:   bailey_axe_minmay_hex_keep, bailey

Skill      XL: |  1  2  3  4  5  6  7  8  9 |
---------------+----------------------------+-----
Fighting       | 3 |  3.3
Armour         | 2 3 |  3.3
Dodging        | 3 |  3.2
Long Blades    | 4 5 7 10 12 | 12.7
Throwing       | |  1.7

Action                   |  1- 3 |  4- 6 |  7- 9 | 10-12 || total
-------------------------+-------+-------+-------+-------++-------
Melee: Long sword        |    68 |    87 |   383 |    31 ||   569
       Punch             |       |     1 |     5 |     1 ||     7
       Touch             |       |       |    34 |     8 ||    42
Invok: Potion Petition   |       |       |       |     1 ||     1
  Use: Scroll            |       |       |    24 |       ||    24
       Potion            |       |       |     3 |     4 ||     7
 Stab: Distracted        |       |       |     2 |     1 ||     3
       Invisible         |       |       |       |     1 ||     1
Armor: Leather armour    |    31 |    14 |       |       ||    45
       Ring mail         |       |    17 |   118 |       ||   135
       Chain mail        |       |       |    77 |     8 ||    85
Dodge: Dodged            |    55 |    50 |   135 |     5 ||   245
Block: Other             |       |     6 |    57 |     5 ||    68

Table legend: (Time is in decaauts)
 A = Elapsed time spent in this place.
 B = Non-inter-level travel time spent in this place.
 C = Inter-level travel time spent in this place.
 D = Time resting spent in this place.
 E = Time spent auto-exploring this place.
 F = Levels seen in this place.
 G = Mean time per level.
                   A        B        C        D        E       F      G
               +--------+--------+--------+--------+--------+-----+--------+
         Total |   7993 |   7716 |    277 |   1165 |   5061 |  10 |  799.3 |
       Dungeon |   7262 |   6987 |    275 |   1013 |   4815 |   8 |  907.8 |
        Temple |    116 |    114 |      2 |      0 |     97 |   1 |  116.0 |
        Bailey |    614 |    614 |      0 |    152 |    149 |   1 |  614.0 |
               +--------+--------+--------+--------+--------+-----+--------+

Top non-repeatable levels by time:
     D:4: 1774 daAuts
     D:6: 1317 daAuts
     D:3: 1085 daAuts
     D:7: 874 daAuts
     D:1: 830 daAuts
     D:5: 822 daAuts
  Bailey: 614 daAuts
     D:2: 508 daAuts
  Temple: 116 daAuts
     D:8: 49 daAuts
